 Dungeon Crawl Stone Soup version 0.27-a0-1324-ge0d8e047f6 (webtiles) character file.

Game seed: 12873251985607084468

98 Froggeryz the Cutter (level 4, -1/31 HPs)
             Began as an Octopode Berserker on June 23, 2021.
             Was a Believer of Trog.
             Slain by an orc wizard (4 damage)
             ... on level 3 of the Dungeon.
             The game lasted 00:01:53 (2454 turns).

Froggeryz the Cutter (Octopode Berserker)           Turns: 2454, Time: 00:01:54

Health: -1/31      AC:  1    Str: 16    XL:     4   Next: 71%
Magic:  4/4        EV: 13    Int:  9    God:    Trog [**....]
Gold:   49         SH:  0    Dex: 12    Spells: 3/3 levels left

rFire    . . .     SeeInvis .   e - +1 short sword (holy)
rCold    . . .     Faith    .   (no shield)
rNeg     . . .     Spirit   .   (helmet restricted)
rPois    .         Reflect  .   (no amulet)
rElec    .         Harm     .   (no ring)
rCorr    .         Rampage  .   (no ring)
Will     .....                  (no ring)
Stlth    +++.......             (no ring)
HPRegen  0.10/turn              (no ring)
MPRegen  0.09/turn              (no ring)
                                (no ring)
                                (no ring)

@: invisible
A: almost no armour, amphibious, 8 rings, camouflage 1, gelatinous body 1,
(nimble swimmer 1), tentacles
a: Renounce Religion, Berserk, Trog's Hand


You were on level 3 of the Dungeon.
You worshipped Trog.
Trog was pleased with you.
You visited 1 branch of the dungeon, and saw 3 of its levels.

You collected 49 gold pieces.

Inventory:

Hand Weapons
 e - a +1 short sword of holy wrath (weapon)
Missiles
 a - 4 poisoned darts
 h - 7 curare-tipped darts
Scrolls
 c - a scroll of identify {unknown}
 i - a scroll of enchant weapon {unknown}
 j - a scroll of enchant armour {unknown}
 k - a scroll of fog {unknown}
Potions
 b - a potion of brilliance {unknown}
 d - a potion of haste {unknown}
 f - a potion of invisibility
 g - a potion of berserk rage {unknown}


   Skills:
 - Level 3.0 Fighting
 * Level 4.6 Short Blades
 - Level 3.0 Dodging
 + Level 3.2 Stealth


You had 3 spell levels left.
You didn't know any spells.
Your spell library was empty.

Dungeon Overview and Level Annotations

Branches:
Dungeon (3/15)

Altars:


Innate Abilities, Weirdness & Mutations

You cannot wear most types of armour.
You are amphibious.
You can wear up to eight rings at the same time.
Your skin changes colour to match your surroundings (Stealth+).
Your rubbery body absorbs attacks. (AC +1, EV +1)
((You are camouflaged near water. (Stealth+)))
You have tentacles for arms and can constrict up to eight enemies at once.


Message History

The orc is moderately wounded.
You constrict the orc.
The orc struggles to escape constriction.
You hit the orc. You squeeze the orc, but do no damage.
The orc is severely wounded.
You constrict the orc.
You kill the orc!
Trog accepts your kill. Something hits you.
Things that are here:
a +0 club; a +0 ring mail You hear some strange, mumbled words.
A magic dart appears from out of thin air!
The magic dart hits you.
You closely miss something. Something hits you.
You closely miss something.
You hear some strange, mumbled words.
You are confused.
You closely miss something. You completely miss something.
Something barely misses you. The rat barely misses you.
You completely miss something. Your squeeze misses something.
Something barely misses you. The rat misses you.
You miss something. You squeeze something! Something hits you.
The rat bites you.
You bump into the rock wall.
Something hits you. The rat barely misses you.
You're too confused to move!
Something hits you. The rat bites you but does no damage.
You bump into the rock wall.
Something hits you. The rat bites you.
* * * LOW HITPOINT WARNING * * *
You closely miss something. Your squeeze misses something.
You feel less confused. Something hits you.
* * * LOW HITPOINT WARNING * * *
The rat bites you.
* * * LOW HITPOINT WARNING * * *
It was a potion of invisibility.
You fade into invisibility!
Something hits you.
You die...

### ### ... ..#
..####.# #.#..#.# #
#.#..#.##############
#.#)#..†.............).
#.#.##.#.##############
#.....{#.# #....r@).#
........######
......... .......###
.....r. ..o{o.. .......
.......


You could see a rat.

Vanquished Creatures
  A hound (D:3)
  An orc priest (D:3)
  A worm (D:2)
  An orc (D:3)
  A ball python (D:3)
  A bat (D:1)
  2 endoplasms
  A giant cockroach (D:1)
  5 hobgoblins
  4 jackals (D:1)
  3 kobolds
  A quokka (D:2)
  3 frilled lizards
  4 goblins
  5 rats
34 creatures vanquished.

Notes
Turn   | Place    | Note
-------+----------+-------------------------------------------
     0 | D:1      | Froggeryz the Octopode Berserker began the quest for the
                  | Orb.
     0 | D:1      | Reached XP level 1. HP: 16/16 MP: 1/1
   200 | D:1      | Reached skill level 1 in Stealth
   204 | D:1      | Reached XP level 2. HP: 18/21 MP: 2/2
   274 | D:1      | Found a faded altar of an unknown god.
  1372 | D:2      | Reached XP level 3. HP: 23/26 MP: 3/3
  2048 | D:3      | Reached ** piety under Trog
  2178 | D:3      | Reached skill level 4 in Short Blades
  2178 | D:3      | Reached XP level 4. HP: 21/31 MP: 4/4
  2454 | D:3      | Slain by an orc wizard

Illustrated notes

Levels and vault maps discovered:
D:1:      giann_forest_graveyard, layout_basic,
          hellmonk_ecumenical_altar_heavens_door, fountainhead
D:2:      layout_basic, small_statue_intersection
D:3:      layout_basic

Skill      XL: |  1  2  3  4 |
---------------+-------------+-----
Stealth        | 1 2 3 |  3.2
Short Blades   | 4 |  4.6
Fighting       | |  3.0
Dodging        | |  3.0

Action                   |  1- 3 |  4- 6 || total
-------------------------+-------+-------++-------
Melee: Short sword       |    59 |    25 ||    84
       Constrict         |    10 |     4 ||    14
       Tentacles         |     7 |     3 ||    10
Invok: Berserk           |     1 |       ||     1
  Use: Potion            |       |     1 ||     1
 Stab: Sleeping          |    11 |       ||    11
Armor: Skin              |     1 |     2 ||     3
Dodge: Dodged            |    27 |    17 ||    44

Table legend: (Time is in decaauts)
 A = Elapsed time spent in this place.
 B = Non-inter-level travel time spent in this place.
 C = Inter-level travel time spent in this place.
 D = Time resting spent in this place.
 E = Time spent auto-exploring this place.
 F = Levels seen in this place.
 G = Mean time per level.
                   A        B        C        D        E       F      G
               +--------+--------+--------+--------+--------+-----+--------+
         Total |   2459 |   2426 |     33 |     29 |   2087 |   3 |  819.7 |
       Dungeon |   2459 |   2426 |     33 |     29 |   2087 |   3 |  819.7 |
               +--------+--------+--------+--------+--------+-----+--------+

Top non-repeatable levels by time:
     D:1: 1213 daAuts
     D:2: 819 daAuts
     D:3: 425 daAuts
